 Dungeon Crawl Stone Soup version 0.28.0 (webtiles) character file.

Game seed: 1055171741617050416

266 a3don the Chiller (level 6, -1/43 HPs)
             Began as a Demonspawn Ice Elementalist on Feb 17, 2022.
             Shot with a sling bullet by Joseph (4 damage)
             ... on level 7 of the Dungeon.
             The game lasted 00:07:58 (4438 turns).

a3don the Chiller (Demonspawn Ice Elementalist)     Turns: 4438, Time: 00:07:59

Health: -1/43      AC:  3    Str:  9    XL:     6   Next: 0%
Magic:  3/10       EV: 12    Int: 18    God:
Gold:   93         SH:  0    Dex: 13    Spells: 4/11 levels left

rFire   . . .      SeeInvis .   s - staff of cold
rCold   + . .      Faith    .   (no shield)
rNeg    . . .      Spirit   .   p - +0 robe {Archmagi}
rPois   .          Reflect  .   (no helmet)
rElec   .          Harm     .   n - +0 cloak
rCorr   .          Rampage  .   (no gloves)
Will    .....      Archmagi +   (no boots)
Stlth   ++........              (no amulet)
HPRegen 0.14/turn               b - ring of wizardry
MPRegen 0.12/turn               (no ring)

@: no status effects
A: demonic guardian 2, demonic touch 1
a: no special abilities


You were on level 7 of the Dungeon.
You visited 1 branch of the dungeon, and saw 5 of its levels.

You collected 93 gold pieces.

Inventory:

Hand Weapons
 d - a +0 dagger
Missiles
 e - 23 sling bullets
 j - 5 boomerangs (quivered)
 k - 4 javelins
 t - 6 atropa-tipped darts
 v - 22 stones
Armour
 a - a +0 robe
 n - a +0 cloak (worn)
 p - a +0 robe of the Archmagi (worn)
Magical Staves
 s - a staff of cold (weapon)
Jewellery
 b - a ring of wizardry (left hand)
Wands
 q - a wand of charming (7)
Scrolls
 c - 3 scrolls of teleportation {unknown}
 f - 4 scrolls of identify {unknown}
 g - a scroll of fear {unknown}
 i - a scroll of magic mapping {unknown}
 l - a scroll of acquirement {unknown}
 m - a scroll of vulnerability {unknown}
 o - a scroll of amnesia {unknown}
Potions
 r - a potion of ambrosia {unknown}
 u - a potion of might {unknown}
 w - a potion of degeneration {unknown}


   Skills:
 + Level 1.1 Fighting
 + Level 2.9 Dodging
 + Level 3.1 Stealth
 + Level 3.1 Spellcasting
 + Level 1.8 Summonings
 + Level 4.3 Ice Magic


You had 4 spell levels left.
You knew the following spells:

 Your Spells              Type           Power      Damage    Failure   Level
a - Freeze                Ice            100%       1d11      1%          1
b - Frozen Ramparts       Ice            82%        1d10      3%          3
c - Call Canine Familiar  Summ           14%        N/A       9%          3

Your spell library contained the following spells:

 Spells                   Type           Power      Damage    Failure   Level
 Summon Small Mammal      Summ           56%        N/A       3%          1
 Ozocubu's Armour         Ice            41%        N/A       3%          3
 Summon Guardian Golem    Hex/Summ       9%         N/A       13%         3
 Hailstorm                Conj/Ice       24%        3d7       26%         4


Dungeon Overview and Level Annotations

Branches:
Dungeon (4/15)
 Temple: D:4-7

Altars:
Ru

Shops:
D:1 =

Annotations:
D:7 Joseph


Innate Abilities, Weirdness & Mutations

A demonic guardian rushes to your aid.
Your touch may inflict minor irresistible damage on your foes.


Message History

Your hound dies!
Your hound's corpse disappears in a puff of smoke!
Joseph unwields a +0 quarterstaff.
Joseph wields a +0 hunting sling.
Joseph shoots a sling bullet.
The sling bullet hits you.
Casting: Call Canine Familiar (dangerous; 9% risk of failure)
Confirm with . or Enter, or press ? or * to list all spells.
Casting: Frozen Ramparts (dangerous; 3% risk of failure)
Press: ? - help, Dir - look around, f - activate You feel a strong surge of power!
The walls around you are covered in ice.
The wall freezes Joseph!
Joseph shoots a sling bullet.
The sling bullet hits you!
Casting: Frozen Ramparts (dangerous; 3% risk of failure)
Confirm with . or Enter, or press ? or * to list all spells.
You feel a surge of power!
The wall freezes Joseph!
Joseph shoots a sling bullet.
The sling bullet hits you!
* * * LOW HITPOINT WARNING * * *
A demonic guardian appears!
Unknown command.
You feel better.
The wall freezes Joseph.
Joseph shoots a sling bullet.
The sling bullet hits you!
* * * LOW HITPOINT WARNING * * *
Your frozen ramparts will break if you move.
Continue?
You swap places.
The frozen ramparts melt away as you move.
Joseph unwields a +0 hunting sling.
Joseph wields a +0 quarterstaff.
Joseph hits your hound with a +0 quarterstaff!
Your hound dies!
Your hound's corpse disappears in a puff of smoke!
You swap places.
There is an open door here.
Joseph unwields a +0 quarterstaff.
Joseph wields a +0 hunting sling.
Joseph shoots a sling bullet.
The sling bullet hits your ice devil.
Your ice devil hits Joseph.
Your ice devil freezes Joseph!!
Joseph shoots a sling bullet.
The sling bullet hits your ice devil.
Your ice devil barely misses Joseph.
Joseph shoots a sling bullet.
The sling bullet barely misses your ice devil.
The sling bullet hits you.
You die...

##...#.@ ....#.#
### #...#.# ≈≈≈≈≈
#...#.# ≈≈###
#.##@# ≈#.# ##.@..#
###.#####.4####.###
...........'.......
.
###.......@####....
...####..........#
.
.........#.......#
(..###...#....[..#
#...+.#######
#...### #...# #...#
##.##


You could see Joseph (ally target) and a friendly ice devil (summoned).

Vanquished Creatures
  2 killer bees (D:7)
  6 adders
  2 worms
  2 dart slugs
  4 orcs
  10 bats
  5 endoplasms
  3 giant cockroaches
  8 goblins
  2 hobgoblins
  4 jackals (D:2)
  6 quokkas
  4 ball pythons
  4 frilled lizards
  3 kobolds
  4 rats (D:2)
69 creatures vanquished.

Vanquished Creatures (collateral kills)
  A killer bee (D:7)
  A goblin (D:2)
2 creatures vanquished.

Grand Total: 71 creatures vanquished

Notes
Turn   | Place    | Note
-------+----------+-------------------------------------------
     0 | D:1      | a3don the Demonspawn Ice Elementalist began the quest for
                  | the Orb.
     0 | D:1      | Reached XP level 1. HP: 13/13 MP: 3/3
   583 | D:1      | Gained mutation: A weak demonic guardian rushes to your
                  | aid. [demonic ancestry]
   583 | D:1      | Reached XP level 2. HP: 19/19 MP: 3/5
   818 | D:1      | Found Dekhy's Jewellery Shoppe.
   976 | D:1      | Found a faded altar of an unknown god.
  1347 | D:2      | Reached XP level 3. HP: 19/24 MP: 3/6
  1378 | D:2      | Learned a level 3 spell: Frozen Ramparts
  2366 | D:3      | Reached skill level 4 in Ice Magic
  2596 | D:3      | Discovered your monstrous ancestry.
  2596 | D:3      | Gained mutation: Your touch may inflict minor irresistible
                  | damage on your foes. [demonic ancestry]
  2596 | D:3      | Reached XP level 4. HP: 30/30 MP: 5/7
  3027 | D:3      | Reached skill level 1 in Summonings
  3299 | D:3      | Learned a level 3 spell: Call Canine Familiar
  3341 | D:3      | Found a sacrificial altar of Ru.
  4075 | D:4      | Gained mutation: A demonic guardian rushes to your aid.
                  | [demonic ancestry]
  4075 | D:4      | Reached XP level 5. HP: 32/35 MP: 4/9
  4117 | D:4      | You fall into a shaft and drop 3 floors!
  4187 | D:7      | Reached skill level 1 in Fighting
  4191 | D:7      | Reached XP level 6. HP: 12/43 MP: 1/10
  4419 | D:7      | Noticed Joseph
  4432 | D:7      | HP: 2/43 [Joseph/sling bullet (14)]
  4438 | D:7      | Shot with a sling bullet by Joseph

Illustrated notes

Levels and vault maps discovered:
D:1:      evilmike_arrival_fibonacci_small, layout_basic, serial_shops,
          nicolae_diamond_shop, shapermc_ecumenical_altar_flowoftime
D:2:      layout_loops_ring
D:3:      layout_basic, lemuel_tele_altar
D:4:      minmay_clustersquares, layout_cave_pools, serial_park_tiny_pond,
          palyth_stone_intersect
D:7:      minmay_the_grid_four_pointed_star
          [minmay_the_grid_triangle_9x9_corruption,
          minmay_the_grid_triangle_9x9_shrine,
          minmay_the_grid_triangle_9x9_tough_junction,
          minmay_the_grid_triangle_9x9_sparse_checkered,
          minmay_the_grid_prize_four_corners], layout_basic, serial_aquarium,
          aquarium_bridge_square [aquarium_subvault_bridge,
          aquarium_subvault_balcony, aquarium_subvault_bridge,
          aquarium_subvault_wall], aquarium_window_fake, aquarium_window_1,
          aquarium_view_2b, uniq_joseph

Skill      XL: |  1  2  3  4  5 |
---------------+----------------+-----
Dodging        | 2 |  2.9
Stealth        | 2 3 |  3.1
Ice Magic      | 4 |  4.3
Summonings     | 1 |  1.8
Fighting       | 1 |  1.1
Spellcasting   | 3 |  3.1

Action                   |  1- 3 |  4- 6 || total
-------------------------+-------+-------++-------
Melee: Dagger            |    53 |    19 ||    72
       Unarmed           |     3 |       ||     3
       Touch             |       |     3 ||     3
       Staff             |       |     2 ||     2
Throw: Boomerang         |       |     2 ||     2
 Cast: Freeze            |    41 |    40 ||    81
       Frozen Ramparts   |     2 |     3 ||     5
       Call Canine Famil |       |     2 ||     2
  Use: Potion            |       |     2 ||     2
 Stab: Sleeping          |     7 |     1 ||     8
Armor: Robe              |    28 |    13 ||    41
Dodge: Dodged            |    56 |    40 ||    96
